 Dungeon Crawl Stone Soup version 0.29-a0-275-g389c0b56f3 (webtiles) character file.

Game seed: 11339980788046727686

4 Strat the Slasher (level 1, 0/18 HPs)
             Began as a Barachi Cinder Acolyte on Mar 10, 2022.
             Was a High Priest of Ignis.
             Slain by a gnoll
             ... wielding a +0 club
              (7 damage)
             ... on level 1 of the Dungeon.
             The game lasted 00:00:30 (235 turns).

Strat the Slasher (Barachi Cinder Acolyte)           Turns: 235, Time: 00:00:31

Health: 0/18       AC:  2    Str: 15    XL:     1   Next: 60%
Magic:  2/2        EV: 11    Int: 14    God:    Ignis [*****.]
Gold:   0          SH:  0    Dex:  7    Spells: 2/2 levels left

rFire   + . .      SeeInvis .   a - -1 falchion (flame)
rCold   . . .      Faith    .   (no shield)
rNeg    . . .      Spirit   .   b - +0 robe
rPois   .          Reflect  .   (no helmet)
rElec   .          Harm     .   (no cloak)
rCorr   .          Rampage  .   (no gloves)
Will    .....                   (no boots)
Stlth   +.........              (no amulet)
HPRegen 0.06/turn               (no ring)
MPRegen 0.08/turn               (no ring)

@: slow
A: amphibious, slowness 1, strong legs 1, +LOS
a: Hop, Renounce Religion, Fiery Armour, Foxfire Swarm, Rising Flame


You were on level 1 of the Dungeon.
You worshipped Ignis.
Ignis was extremely pleased with you.
You visited 1 branch of the dungeon, and saw 1 of its levels.

Inventory:

Hand Weapons
 a - a -1 falchion of flaming (weapon)
Armour
 b - a +0 robe (worn)


   Skills:
 - Level 3.6 Fighting
 + Level 4.0 Long Blades
 - Level 1.1 Spellcasting
 - Level 3.2 Fire Magic


You had 2 spell levels left.
You didn't know any spells.
Your spell library contained the following spells:

 Spells                   Type           Power      Damage    Failure   Level
 Scorch                   Fire           18%        2d6       11%         2


Dungeon Overview and Level Annotations

Branches:
Dungeon (1/15)

Altars:


Innate Abilities, Weirdness & Mutations

You are amphibious.
You cover ground slowly.
You can hop short distances.
You have an extended range of vision and can be seen from far away.


Message History

You closely miss the goblin. The goblin barely misses you.
You barely miss the goblin. The goblin hits you with a +0 dagger.
You hit the goblin. You burn the goblin.
You kill the goblin!
You see here a +0 dagger.
HP restored.
A rat comes into view.
The rat twitches its whiskers.
You completely miss the rat. The rat bites you.
You hit the rat. You burn the rat.
You kill the rat!
No target in view!
You see here a rat corpse.
An endoplasm comes into view.
The endoplasm quivers.
You hit the endoplasm. You burn the endoplasm.
The endoplasm is severely wounded.
The endoplasm freezes you.
You are frozen.
You hit the endoplasm. You burn the endoplasm.
You kill the endoplasm!
No target in view!
A kobold comes into view. It is wielding a +0 dagger.
The kobold shouts!
You hear a shout!
A gnoll comes into view. It is wielding a +0 club.
Hit: a) -1 falchion (flame)
Press: ? - help, Dir - move target
Okay, then.
You see here a rat corpse.
The kobold attacks as you move away! The kobold hits you with a +0 dagger.
You hit the kobold. You burn the kobold.
You kill the kobold!
Your Long Blades skill increases to level 4!
The gnoll hits you with a +0 club. x2
* * * LOW HITPOINT WARNING * * *
Things that are here:
a +0 dagger; a kobold corpse You closely miss the gnoll.
The gnoll misses you.
You barely miss the gnoll. The gnoll hits you with a +0 club!
You die...

##.###.. #######.#
##.# #..# ##.# #.##
##.######### #.#
...#.......# #.#
####.#####.# #g#
####.#.....# #.#
.......###.#######.#
####.#.# #......@g.#
#.#.###.#########
#.......# #########


You could see a gnoll.

Vanquished Creatures
  An endoplasm (D:1)
  A kobold (D:1)
  A goblin (D:1)
  A rat (D:1)
4 creatures vanquished.

Vanquished Creatures (others)
  3 fungi (D:1)
3 creatures vanquished.

Grand Total: 7 creatures vanquished

Notes
Turn   | Place    | Note
-------+----------+-------------------------------------------
     0 | D:1      | Strat the Barachi Cinder Acolyte began the quest for the
                  | Orb.
     0 | D:1      | Reached XP level 1. HP: 18/18 MP: 2/2
   233 | D:1      | Reached skill level 4 in Long Blades
   235 | D:1      | Slain by a gnoll

Illustrated notes

Levels and vault maps discovered:
D:1:      minmay_arrival_plants_in_alcoves, layout_loops_cross,
          shapermc_ecumenical_altar_rom_forum

Skill      XL: |  1 |
---------------+----+-----
Long Blades    | 4 |  4.0
Fighting       | |  3.6
Spellcasting   | |  1.1
Fire Magic     | |  3.2

Action                   || total
-------------------------++-------
Melee: Falchion          ||    10
Dodge: Dodged            ||     2

Table legend: (Time is in decaauts)
 A = Elapsed time spent in this place.
 B = Non-inter-level travel time spent in this place.
 C = Inter-level travel time spent in this place.
 D = Time resting spent in this place.
 E = Time spent auto-exploring this place.
 F = Levels seen in this place.
 G = Mean time per level.
                   A        B        C        D        E       F      G
               +--------+--------+--------+--------+--------+-----+--------+
         Total |    261 |    261 |      0 |      0 |    200 |   1 |  261.0 |
       Dungeon |    261 |    261 |      0 |      0 |    200 |   1 |  261.0 |
               +--------+--------+--------+--------+--------+-----+--------+

Top non-repeatable levels by time:
     D:1: 261 daAuts
